 Dungeon Crawl Stone Soup version 0.31-a0-1183-gd88bbb8b4d (webtiles) character file.

Game seed: 17906174512433268138

2658 qw the Skirmisher (level 9, -7/57 HPs)
             Began as a Gargoyle Hunter on Dec 11, 2023.
             Was a Believer of Okawaru.
             Killed by divine providence
             ... invoked by an orc priest
              (12 damage)
             ... on level 7 of the Dungeon.
             The game lasted 00:03:01 (5431 turns).

qw the Skirmisher (Gargoyle Hunter)                 Turns: 5431, Time: 00:03:01

Health: -7/57      AC: 12    Str: 14    XL:     9   Next: 62%
Magic:  12/12      EV: 14    Int: 11    God:    Okawaru [**....]
Gold:   235        SH:  0    Dex: 23    Spells: 8/8 levels left

rFire   . . .        n - +0 orcbow
rCold   . . .        (shield currently unavailable)
rNeg    + . .        c - +1 leather armour
rPois   inf          (no helmet)
rElec   +            d - +0 cloak
rCorr   .            (no gloves)
SInv    .            l - +0 pair of boots
Will    .....        (no amulet)
Stlth   ++           j - +6 ring of dexterity
HPRegen 0.29/turn    (no ring)
MPRegen 0.13/turn

%: no passive effects
@: about to teleport
A: sickness immunity, AC +6, negative energy resistance 1, electricity
resistance, torment resistance 1, petrification resistance
a: Renounce Religion, Heroism


You were on level 7 of the Dungeon.
You worshipped Okawaru.
Okawaru was pleased with you.
You visited 1 branch of the dungeon, and saw 7 of its levels.
You also visited: Sewer.

You collected 333 gold pieces.
You spent 98 gold pieces at shops.


Innate Abilities, Weirdness & Mutations

You are immune to sickness and miasma.
Your stone body is resilient. (AC +6)
You are immune to poison.
You resist negative energy. (rN+)
You are resistant to electric shocks. (rElec)
You are resistant to unholy torment.
You are immune to petrification.


   Skills:
 - Level 7.0 Fighting
 - Level 10.1 Ranged Weapons
 - Level 2.4 Armour
 + Level 3.7 Dodging
 - Level 1.1 Stealth
 - Level 4.4 Invocations


You had 8 spell levels left.
You didn't know any spells.
Your spell library was empty.

Inventory:

Hand Weapons
 n - a +0 orcbow (weapon)
Armour
 c - a +1 leather armour (worn)
 d - a +0 cloak (worn)
 l - a +0 pair of boots (worn)
Jewellery
 b - a ring of ice
 j - a +6 ring of dexterity (left hand)
Wands
 e - a wand of mindburst (11)
 i - a wand of polymorph (15)
 k - a wand of roots (13)
Scrolls
 g - 5 scrolls of teleportation
Potions
 a - a potion of resistance
 f - a potion of haste
 h - 4 potions of enlightenment
 m - a potion of heal wounds

Dungeon Overview and Level Annotations

Branches:
Dungeon (7/15)             Temple (0/1) D:6           Sewer (visited)

Altars:
Ashenzari
Gozag
Hepliaklqana
Kikubaaqudgha
Okawaru
Ru
Sif Muna
Yredelemnul
Zin
The Shining One

Shops:
D:3 *

Annotations:
D:3 1 runed translucent door, Crazy Yiuf
D:6 2 transporters, Menkaure


Message History

Partly explored, unvisited transporter.
What level of the Dungeon? (default 6, ? - help)
You see here a +0 sling.
There is a stone staircase leading down here.
You climb downwards.
There is a stone staircase leading up here.
Waypoint 7 assigned to D:7.
An orc priest comes into view. It is wielding a +0 flail.
You shoot an arrow. The orc priest shouts!
The arrow hits the orc priest.
The orc priest is lightly wounded. 2 orc priests come into view.
An orc comes into view. It is wielding a +0 club.
You shoot an arrow. The orc shouts!
The orc priest shouts!
The arrow hits the orc priest but does no damage.
The orc priest is lightly wounded.
The orc priest invokes the aid of Beogh against you.
Beogh smites you!
You shoot an arrow. The arrow hits the orc priest!
The orc priest is almost dead.
You shoot an arrow.
The arrow completely misses the orc priest.
The orc priest mumbles some strange prayers to Beogh against you.
Beogh smites you!
You shoot an arrow.
The arrow closely misses the orc priest.
The orc priest calls down the wrath of Beogh upon you.
Beogh smites you!
You shoot an arrow.
The arrow closely misses the orc priest.
The orc priest calls down the wrath of Beogh upon you.
Beogh smites you!
5431 ||| READING 6 scrolls of teleportation.
As you read the scroll of teleportation, it crumbles to dust.
You feel strangely unstable.
The orc priest mumbles some strange prayers to Beogh against you.
Beogh smites you!
You die...

#.# #..# #.# #..#
#.# #..# # ####.#
#..# #.#....# #..#
##......## #..####.#
.......<.###.......#
#..............#####
.#........##.@##
##.....####.o#
#.....# ##o.#
........ ..o..
.#....... ......
#....... .......#
....... .......#
........#


You could see 2 orc priests and an orc.

Vanquished Creatures
  Grinder (D:5)
  Sigmund (D:6)
  Eustachio (D:6)
  Duvessa (D:6)
  A black bear (D:6)
  An ice beast (D:6)
  A sky beast (D:6)
  2 centaurs (D:6)
  2 crocodiles (Sewer)
  A phantom (D:5)
  Blork the orc (D:5)
  A bullfrog (D:6)
  A gnoll sergeant (D:5)
  2 scorpions (D:4)
  4 wights (D:6)
  Dowan (D:6)
  A howler monkey (D:6)
  5 hounds
  2 jellies
  4 iguanas
  3 orc wizards
  A malarious merfolk avatar (Sewer)
  A sickly merfolk siren (Sewer)
  5 gnolls (D:5)
  10 adders
  3 river rats
  2 shadow imps
  3 white imps
  2 ufetubi (D:6)
  3 worms
  2 dart slugs
  25 orcs
  8 ball pythons
  4 endoplasms
  9 giant cockroaches
  9 hobgoblins
  8 jackals
  7 kobolds
  5 quokkas
  4 bats
  7 frilled lizards
  6 goblins
  41 rats
202 creatures vanquished.

Notes
Turn   | Place    | Note
-------+----------+-------------------------------------------
     0 | D:1      | qw the Gargoyle Hunter began the quest for the Orb.
     0 | D:1      | Reached XP level 1. HP: 12/12 MP: 1/1
     0 | D:1      | 0 ||| qw: Version: 0.3-a-106-g2cfff9e
     0 | D:1      | 0 ||| qw: Game counter: 2111
     0 | D:1      | 0 ||| qw: Melee chars always use a shield: true
     0 | D:1      | 0 ||| qw: God list: Okawaru
     0 | D:1      | 0 ||| qw: Allow faded altars: false
     0 | D:1      | 0 ||| qw: Do Orc after clearing Dungeon:15 true
     0 | D:1      | 0 ||| qw: Do second Lair branch before Depths: true
     0 | D:1      | 0 ||| qw: Lair rune preference: random
     0 | D:1      | 0 ||| qw: Goals: Normal, Save, Zot:1-4, Win
     0 | D:1      | 0 ||| PLANNING D:1-11
    97 | D:1      | Reached XP level 2. HP: 17/17 MP: 2/2
   174 | D:1      | Found a faded altar of an unknown god.
   465 | D:1      | Reached XP level 3. HP: 21/21 MP: 3/3
   483 | D:1      | Reached skill level 5 in Ranged Weapons
   549 | D:1      | 549 ||| UPGRADING to amulet of guardian spirit.
   554 | D:1      | 554 ||| READING 3 scrolls labelled IGODIPL IJESI.
   555 | D:1      | 555 ||| READING scroll labelled FASCHA ORCHEFUF.
   656 | D:1      | 656 ||| READING 2 scrolls labelled BURCHE JINU.
   656 | D:1      | 656 ||| IDENTIFYING scroll labelled WUOS ZAZUDEI
   657 | D:1      | 657 ||| READING scroll of identify.
   657 | D:1      | 657 ||| IDENTIFYING scroll labelled RUONEGO ONEDY
   658 | D:1      | 658 ||| READING scroll of enchant weapon.
   658 | D:1      | 658 ||| ENCHANTING +0 shortbow.
   659 | D:1      | 659 ||| DROPPING scroll of butterflies.
   660 | D:1      | 660 ||| DROPPING 2 scrolls of noise.
   661 | D:1      | 661 ||| DROPPING scroll of poison.
  1032 | D:2      | 1032 ||| FLEEEEING.
  1033 | D:2      | 1033 ||| FLEEEEING.
  1034 | D:2      | 1034 ||| FLEEEEING.
  1035 | D:2      | 1035 ||| FLEEEEING.
  1038 | D:2      | 1038 ||| STAIRDANCE
  1064 | D:1      | 1064 ||| READING scroll of identify.
  1064 | D:1      | 1064 ||| IDENTIFYING fuming green potion
  1065 | D:1      | 1065 ||| READING scroll labelled GEQ ACOISI.
  1065 | D:1      | 1065 ||| ENCHANTING +0 leather armour.
  1066 | D:1      | 1066 ||| DRINKING 2 sedimented grey potions.
  1067 | D:1      | 1067 ||| DROPPING potion of attraction.
  1255 | D:3      | Reached skill level 3 in Fighting
  1255 | D:3      | Reached XP level 4. HP: 28/28 MP: 4/4
  1284 | D:3      | 1284 ||| RETREEAATING.
  1285 | D:3      | 1285 ||| STILL RETREEAATING.
  1288 | D:3      | 1288 ||| Stepping ~*~*~tactically~*~*~ (retreating).
  1304 | D:3      | HP: 6/28 [orc/+0 hand axe (5)]
  1381 | D:3      | 1381 ||| FLEEEEING.
  1382 | D:3      | 1382 ||| FLEEEEING.
  1387 | D:3      | 1387 ||| FLEEEEING.
  1388 | D:3      | 1388 ||| FLEEEEING.
  1389 | D:3      | 1389 ||| FLEEEEING.
  1390 | D:3      | 1390 ||| STAIRDANCE
  1406 | D:2      | 1406 ||| UPGRADING to +0 cloak.
  1470 | D:3      | Found a runed translucent door.
  1471 | D:3      | Noticed Crazy Yiuf
  1516 | D:3      | Found Biluh's General Store.
  1524 | D:3      | 1524 ||| SHOPLISTING 3 scrolls of enchant armour (292 gold,
                  | have 125).
  1524 | D:3      | 1524 ||| BUYING scroll of identify (26 gold).
  1524 | D:3      | Bought a scroll of identify for 26 gold pieces
  1524 | D:3      | 1524 ||| BUYING wand of flame (8) (72 gold).
  1524 | D:3      | Bought a wand of flame (8) for 72 gold pieces
  1548 | D:3      | Reached XP level 5. HP: 32/32 MP: 5/5
  1560 | D:3      | Found a sacrificial altar of Ru.
  1561 | D:3      | Found a glowing silver altar of Zin.
  1769 | D:3      | Reached skill level 6 in Ranged Weapons
  1838 | D:3      | 1838 ||| UPGRADING to +6 ring of dexterity.
  1839 | D:3      | 1839 ||| READING scroll of identify.
  1839 | D:3      | 1839 ||| IDENTIFYING scroll labelled JEGGUELA BYOMN
  1840 | D:3      | 1840 ||| READING scroll labelled LOWUL VELOBY.
  1889 | D:4      | 1889 ||| PLANNING SEWER
  1895 | D:4      | 1895 ||| STAIRDANCE
  1993 | D:4      | 1993 ||| STAIRDANCE
  2129 | D:4      | 2129 ||| STAIRDANCE
  2239 | D:4      | Reached skill level 1 in Armour
  2239 | D:4      | 2239 ||| STAIRDANCE
  2358 | D:4      | Found a glowing drain.
  2367 | Sewer    | Entered a sewer
  2458 | Sewer    | Reached XP level 6. HP: 38/38 MP: 6/6
  2628 | Sewer    | 2628 ||| Stepping ~*~*~tactically~*~*~ (retreating).
  2630 | Sewer    | 2630 ||| Stepping ~*~*~tactically~*~*~ (retreating).
  2631 | Sewer    | 2631 ||| Stepping ~*~*~tactically~*~*~ (retreating).
  2632 | Sewer    | 2632 ||| Stepping ~*~*~tactically~*~*~ (retreating).
  2639 | Sewer    | Reached skill level 7 in Ranged Weapons
  2639 | Sewer    | Reached XP level 7. HP: 33/43 MP: 4/7
  2786 | D:4      | 2786 ||| PLANNING D:1-11
  2847 | D:4      | Found an iron altar of Okawaru.
  2848 | D:4      | 2848 ||| PLANNING OKAWARU WORSHIP
  2848 | D:4      | 2848 ||| READING scroll of identify.
  2848 | D:4      | 2848 ||| IDENTIFYING white potion
  2857 | D:4      | Became a worshipper of Warmaster Okawaru
  2858 | D:4      | 2858 ||| PLANNING D:1-11
  2858 | D:4      | 2858 ||| REMOVING amulet of guardian spirit.
  2956 | D:4      | Found a broken altar of Ashenzari.
  3044 | D:4      | Reached skill level 8 in Ranged Weapons
  3314 | D:4      | Found a glowing golden altar of the Shining One.
  3333 | D:4      | 3333 ||| UPGRADING to +0 pair of boots.
  3338 | D:4      | 3338 ||| DROPPING amulet of guardian spirit.
  3339 | D:4      | 3339 ||| DRINKING 2 clear potions.
  3444 | D:4      | 3444 ||| DROPPING potion of berserk rage.
  3463 | D:5      | Entered Level 5 of the Dungeon
  3539 | D:5      | 3539 ||| FLEEEEING.
  3613 | D:5      | Reached XP level 8. HP: 49/49 MP: 8/8
  3647 | D:5      | Found an opulent altar of Gozag.
  3654 | D:5      | Noticed Blork the orc
  3659 | D:5      | Noticed Grinder
  3664 | D:5      | Killed Blork the orc
  3664 | D:5      | Reached * piety under Okawaru
  3673 | D:5      | Killed Grinder
  3674 | D:5      | Reached skill level 9 in Ranged Weapons
  3674 | D:5      | 3674 ||| FLEEEEING.
  3677 | D:5      | 3677 ||| FLEEEEING.
  3678 | D:5      | 3678 ||| FLEEEEING.
  3679 | D:5      | 3679 ||| FLEEEEING.
  3680 | D:5      | 3680 ||| FLEEEEING.
  3681 | D:5      | 3681 ||| FLEEEEING.
  3682 | D:5      | 3682 ||| FLEEEEING.
  3683 | D:5      | 3683 ||| FLEEEEING.
  3685 | D:5      | 3685 ||| FLEEEEING.
  3686 | D:5      | 3686 ||| FLEEEEING.
  3687 | D:5      | 3687 ||| FLEEEEING.
  3688 | D:5      | 3688 ||| FLEEEEING.
  3689 | D:5      | 3689 ||| FLEEEEING.
  3690 | D:5      | 3690 ||| FLEEEEING.
  3691 | D:5      | 3691 ||| FLEEEEING.
  3692 | D:5      | 3692 ||| FLEEEEING.
  3693 | D:5      | 3693 ||| FLEEEEING.
  3694 | D:5      | 3694 ||| FLEEEEING.
  3695 | D:5      | 3695 ||| FLEEEEING.
  3696 | D:5      | 3696 ||| FLEEEEING.
  3697 | D:5      | 3697 ||| FLEEEEING.
  3698 | D:5      | 3698 ||| FLEEEEING.
  3699 | D:5      | 3699 ||| FLEEEEING.
  3700 | D:5      | 3700 ||| FLEEEEING.
  3701 | D:5      | 3701 ||| FLEEEEING.
  3702 | D:5      | 3702 ||| STAIRDANCE
  3793 | D:5      | Found an opulent altar of Gozag.
  3800 | D:5      | Found an opulent altar of Gozag.
  3953 | D:5      | 3953 ||| RETREEAATING.
  3956 | D:5      | 3956 ||| RETREEAATING.
  3961 | D:5      | 3961 ||| Stepping ~*~*~tactically~*~*~ (retreating).
  3965 | D:5      | 3965 ||| Stepping ~*~*~tactically~*~*~ (retreating).
  3967 | D:5      | 3967 ||| Stepping ~*~*~tactically~*~*~ (retreating).
  3971 | D:5      | Reached skill level 3 in Invocations
  4102 | D:5      | Found an opulent altar of Gozag.
  4132 | D:5      | 4132 ||| READING 2 scrolls of identify.
  4132 | D:5      | 4132 ||| IDENTIFYING red potion
  4133 | D:5      | 4133 ||| READING scroll of identify.
  4133 | D:5      | 4133 ||| IDENTIFYING puce potion
  4134 | D:5      | 4134 ||| READING scroll labelled OPIONI ZINKOCK.
  4135 | D:5      | 4135 ||| DROPPING potion of brilliance.
  4155 | D:6      | Found a basalt altar of Yredelemnul.
  4156 | D:6      | Noticed Menkaure
  4175 | D:6      | Noticed Eustachio
  4178 | D:6      | 4178 ||| Stepping ~*~*~tactically~*~*~ (retreating).
  4181 | D:6      | 4181 ||| Stepping ~*~*~tactically~*~*~ (retreating).
  4183 | D:6      | 4183 ||| Stepping ~*~*~tactically~*~*~ (retreating).
  4184 | D:6      | 4184 ||| Stepping ~*~*~tactically~*~*~ (retreating).
  4197 | D:6      | 4197 ||| Stepping ~*~*~tactically~*~*~ (retreating).
  4198 | D:6      | 4198 ||| Stepping ~*~*~tactically~*~*~ (retreating).
  4200 | D:6      | 4200 ||| Stepping ~*~*~tactically~*~*~ (retreating).
  4203 | D:6      | 4203 ||| Stepping ~*~*~tactically~*~*~ (retreating).
  4205 | D:6      | 4205 ||| Stepping ~*~*~tactically~*~*~ (retreating).
  4206 | D:6      | 4206 ||| Stepping ~*~*~tactically~*~*~ (retreating).
  4213 | D:6      | Reached skill level 3 in Dodging
  4221 | D:6      | Killed Eustachio
  4221 | D:6      | Reached ** piety under Okawaru
  4231 | D:6      | Reached XP level 9. HP: 25/55 MP: 12/12
  4353 | D:6      | Noticed Sigmund
  4354 | D:6      | 4354 ||| SWAPPING to +0 orcbow.
  4360 | D:6      | Killed Sigmund
  4361 | D:6      | Reached skill level 6 in Fighting
  4361 | D:6      | 4361 ||| DROPPING +1 shortbow.
  4426 | D:6      | 4426 ||| DRINKING potion of curing.
  4426 | D:6      | 4426 ||| (to cure confusion)
  4435 | D:6      | 4435 ||| Stepping ~*~*~tactically~*~*~ (retreating).
  4442 | D:6      | 4442 ||| Stepping ~*~*~tactically~*~*~ (retreating).
  4443 | D:6      | 4443 ||| Stepping ~*~*~tactically~*~*~ (retreating).
  4444 | D:6      | 4444 ||| Stepping ~*~*~tactically~*~*~ (retreating).
  4493 | D:6      | 4493 ||| FLEEEEING.
  4494 | D:6      | 4494 ||| FLEEEEING.
  4495 | D:6      | 4495 ||| FLEEEEING.
  4496 | D:6      | 4496 ||| FLEEEEING.
  4497 | D:6      | 4497 ||| FLEEEEING.
  4498 | D:6      | 4498 ||| FLEEEEING.
  4499 | D:6      | 4499 ||| STAIRDANCE
  4547 | D:5      | 4547 ||| READING scroll of identify.
  4547 | D:5      | 4547 ||| IDENTIFYING murky silvery potion
  4548 | D:5      | 4548 ||| DROPPING wand of flame (8).
  4561 | D:6      | 4561 ||| STAIRDANCE
  4735 | D:6      | Found a staircase to the Ecumenical Temple.
  4747 | D:6      | Reached skill level 10 in Ranged Weapons
  4832 | D:6      | Found an ancient bone altar of Kikubaaqudgha.
  4921 | D:6      | Found a transporter.
  4923 | D:6      | Found a transporter.
  5059 | D:6      | Noticed Duvessa
  5073 | D:6      | Killed Duvessa
  5100 | D:6      | Noticed Dowan
  5106 | D:6      | Killed Dowan
  5175 | D:6      | Found a hazy altar of Hepliaklqana.
  5294 | D:6      | Found a shimmering blue altar of Sif Muna.
  5430 | D:7      | HP: 5/57 [orc priest/divine providence (13)]
  5431 | D:7      | 5431 ||| READING 6 scrolls of teleportation.
  5431 | D:7      | Killed from afar by an orc priest

Levels and vault maps discovered:
D:1:      heliophobic_arrival_henge, layout_rooms,
          shapermc_ecumenical_altar_petra, columned_hall_lemuel
D:2:      layout_rooms, minmay_misc_feat_four_crosses,
          chequers_serial_rivers_room_b, minmay_fountain_box,
          kennysheep_cluttered_room
D:3:      layout_rooms, grunt_temple_overflow_open, serial_shops, shop,
          uniq_crazy_yiuf_cottage
D:4:      layout_cave_pools, grunt_ashenzari_visionary
          [grunt_ashenzari_visionary_swamp, grunt_ashenzari_visionary_snake],
          okawaru_ov_weapons_minmay, mainiacjoe_overflow_brackets,
          portal_sewer_entry_b
D:5:      layout_cave_pools, nicolae_gozag_conspicuous_consumption,
          uniq_grinder, uniq_blork_the_orc
D:6:      layout_loops_cross, gammafunk_temple_of_torment,
          nicolae_hepliaklqana_hippocampus, old_standard_altar,
          minmay_temple_entry_gardened_gates, uniq_sigmund, uniq_duvessa,
          uniq_eustachio
D:7:      layout_rooms

Skill      XL: |  1  2  3  4  5  6  7  8  9 |
---------------+----------------------------+-----
Ranged Weapons | 5 6 7 8 9 10 | 10.1
Fighting       | 3 4 5 7 |  7.0
Dodging        | 2 3 |  3.7
Armour         | 1 2 |  2.4
Invocations    | 4 |  4.4
Stealth        | |  1.1

Action                     |  1- 3 |  4- 6 |  7- 9 || total
---------------------------+-------+-------+-------++-------
   Fire: Shortbow          |   107 |   235 |   204 ||   546
         Orcbow            |       |       |   119 ||   119
    Use: Scroll            |     7 |     2 |     6 ||    15
         Potion            |     1 |       |     2 ||     3
 Armour: Leather armour    |    27 |    62 |   133 ||   222
  Dodge: Dodged            |    36 |    66 |   137 ||   239

Table legend:
 A = Non-vault XP
 B = Vault XP
 C = Vault XP percentage of total XP
 D = Non-vault monster count
 E = Vault monster count
 F = Vault count percentage of total count
                 A         B        C        D         E       F
            +---------+---------+-------+---------+---------+-------
      Total |    2358 |    1440 |  37.9 |     135 |      67 |  33.2
            +---------+---------+-------+---------+---------+-------
        D:1 |      44 |       0 |   0.0 |      25 |       0 |   0.0
        D:2 |      25 |       0 |   0.0 |      12 |       0 |   0.0
        D:3 |     140 |      31 |  18.1 |      37 |       5 |  11.9
        D:4 |     340 |       0 |   0.0 |      16 |       0 |   0.0
        D:5 |     587 |     368 |  38.5 |      21 |       2 |   8.7
        D:6 |    1222 |     644 |  34.5 |      24 |       4 |  14.3
      Sewer |       0 |     397 | 100.0 |       0 |      56 | 100.0
            +---------+---------+-------+---------+---------+-------
